 Dungeon Crawl Stone Soup version 0.22.1-2-g9c5b331383 (webtiles) character file.

3263 Gunterle the Covert (level 10, 0/97 HPs)
             Began as an Octopode Assassin on Jan 6, 2019.
             Was a Priest of Kikubaaqudgha.
             Slain by an eight-headed hydra (5 damage)
             ... on level 8 of the Dungeon.
             The game lasted 00:40:56 (8590 turns).

Gunterle the Covert (Octopode Assassin)             Turns: 8590, Time: 00:40:57

Health: 0/97       AC: 25    Str: 10    XL:     10   Next: 0%
Magic:  15/15      EV:  2    Int: 17    God:    Kikubaaqudgha [***...]
Gold:   430        SH:  0    Dex: 19    Spells: 5/16 levels left

rFire    + . .     SeeInvis +   a - +3 dagger
rCold    . . .     Gourm    .   (no shield)
rNeg     + + +     Faith    .   (helmet currently unavailable)
rPois    +         Spirit   .   j - amulet of rage
rElec    .         Reflect  .   q - ring of protection from fire
rCorr    .         Harm     .   s - ring of see invisible
MR       .....     NoTele   +   v - ring of positive energy
Stlth    +++.......             U - ring of wizardry
HPRegen  0.26/turn              (no ring)
MPRegen  0.14/turn              (no ring)
                                (no ring)
                                (no ring)

@: confused, agile, tree-form, hasted, very quick
A: almost no armour, stealthy swim, (amphibious), 8 rings, (constrict 8)
a: Receive Corpses, Renounce Religion, Evoke Berserk Rage


You were on level 8 of the Dungeon.
You worshipped Kikubaaqudgha.
Kikubaaqudgha was most pleased with you.
You were very hungry.
You were a tree.
You visited 2 branches of the dungeon, and saw 9 of its levels.

You collected 430 gold pieces.

Inventory:

Hand Weapons
 a - a +3 dagger (weapon)
 b - a +0 blowgun
 g - a +0 hunting sling
 y - a +0 whip of holy wrath
 E - a +0 hunting sling
 H - a +0 long sword
 J - a cursed +3 short sword
 L - a +3 great sword
 N - a +3 great sword
Missiles
 c - 49 poisoned needles
 d - 2 curare-tipped needles
 l - 206 stones (quivered)
 p - 68 arrows
 C - 45 bolts
 D - 13 sling bullets
 O - 2 throwing nets
Armour
 G - a +0 hat (melded)
 R - a +0 large shield
Jewellery
 j - an amulet of rage (around neck)
 q - a ring of protection from fire (left branch)
 s - a ring of see invisible (right branch)
 v - a ring of positive energy (on tentacle)
 U - a ring of wizardry (on tentacle)
Wands
 e - a wand of enslavement (5)
 F - a wand of iceblast (2)
 K - a wand of random effects (20)
Scrolls
 h - a scroll of blinking
 i - a scroll of fear {unknown}
 m - 2 scrolls of teleportation
 n - a scroll of magic mapping {unknown}
 o - 2 scrolls of enchant weapon
 r - 8 scrolls of remove curse
 t - a scroll of fog
 M - a scroll of immolation {unknown}
 S - a scroll of identify
Potions
 u - a potion of might
 w - a potion of invisibility {unknown}
 x - 4 potions of mutation
 A - a potion of ambrosia
 B - 2 potions of magic
 I - 2 potions of lignification
 T - a potion of degeneration {unknown}
Comestibles
 f - 12 rations


   Skills:
 + Level 4.9 Fighting
 * Level 6.8 Short Blades
 - Level 2.0 Throwing
 + Level 4.6 Dodging
 + Level 8.5 Stealth
 + Level 3.8 Spellcasting
 * Level 6.1 Necromancy
 + Level 4.7 Evocations


You had 5 spell levels left.
You knew the following spells:

 Your Spells              Type           Power        Failure   Level  Hunger
a - Corpse Rot            Necr           N/A          1%          2    ##.....
b - Pain                  Necr           ###.         1%          1    None
c - Regeneration          Chrm/Necr      ##........   6%          3    ###....
d - Dispel Undead         Necr           ###.....     14%         5    ######.

Your spell library contained the following spells:

 Spells                   Type           Power        Failure   Level  Hunger
 Sublimation of Blood     Necr           ###.......   1%          2    ##.....
 Flame Tongue             Conj/Fire      #....        6%          1    None
 Magic Dart               Conj           #...         6%          1    None
 Searing Ray              Conj           #.....       10%         2    ##.....
 Throw Flame              Conj/Fire      #.....       10%         2    ##.....
 Conjure Flame            Conj/Fire      #.......     19%         3    ###....
 Dazzling Spray           Conj/Hex       #.....       19%         3    ###....
 Inner Flame              Hex/Fire       #.......     19%         3    ###....
 Bolt of Draining         Conj/Necr      ##........   43%         5    ######.
 Borgnjor's Vile Clutch   Necr/Erth      ##........   43%         5    ######.
 Force Lance              Conj/Tloc      #.......     52%         4    ####...
 Fulminant Prism          Conj/Hex       #.........   52%         4    ####...
 Iskenderun's Mystic Bla  Conj           #.......     52%         4    ####...
 Sticky Flame             Conj/Fire      #.......     52%         4    ####...
 Fireball                 Conj/Fire      #.........   85%         5    ######.
 Death Channel            Necr           ###.......   58%         6    #######
 Simulacrum               Ice/Necr       ##........   93%         6    #######


Dungeon Overview and Level Annotations

Branches:
Dungeon (8/15)             Temple (1/1) D:4
   Lair: D:8-11

Altars:
Ashenzari
Cheibriados
Dithmenos
Elyvilon
Fedhas
Gozag
Hepliaklqana
Kikubaaqudgha
Nemelex Xobeh
Okawaru
Qazlal
Ru
Sif Muna
Trog
Uskayaw
Vehumet
Wu Jian
Xom
Yredelemnul
Zin
The Shining One

Annotations:
D:3 3 runed doors, Skull's ghost, amateur GrGl; Zingi's ghost, amateur GnWn; matti1234's ghost, amateur OpWr


Innate Abilities, Weirdness & Mutations

You cannot wear most types of armour.
You are very stealthy in the water. (Stealth+)
((You are amphibious.))
You can wear up to eight rings at the same time.
((You can use your tentacles to constrict eight enemies at once.))
((Your skin changes colour to match your surroundings (Stealth+).))
((Your rubbery body absorbs attacks. (AC +1, EV +1)))


Message History

The eight-headed hydra barely misses you.
The eight-headed hydra bites you but does no damage. x4
The eight-headed hydra bites you!
* * * LOW HITPOINT WARNING * * *
The eight-headed hydra bites you but does no damage.
Okay, then.
You're too confused!
It was a potion of agility.
You feel agile all of a sudden.
The eight-headed hydra bites you but does no damage. x5
The eight-headed hydra barely misses you. x2
The eight-headed hydra bites you.
* * * LOW HITPOINT WARNING * * *
Unknown command.
It was a potion of haste.
You feel yourself speed up.
The eight-headed hydra completely misses you.
The eight-headed hydra bites you but does no damage.
The eight-headed hydra bites you.
You die...
Kikubaaqudgha rasps: "You have failed me!
Welcome... death!"

#........#.##$+...............
#+###..###.##[#
#..###'############# #
#...##.###.#.#.#.#.#.#.
#...##.##..............
###........D.............
.......................... #
#.#################D###### #
########♣# #.# # #.....##D#
#.# # #...).##.# #.# #
#.....##.# #.# #
#.....##[#####.#### #
######.....#...........# #
#..........'...........#
####.####.<...#...........#
##............+...........#


You could see an eight-headed hydra.

Vanquished Creatures
  A troll (D:7)
  Grinder (D:4)
  Prince Ribbit (D:5)
  Edmund (D:5)
  A water moccasin (D:7)
  2 orc warriors
  2 ice beasts
  A sky beast (D:7)
  4 ogres
  A phantom (D:4)
  A bullfrog (D:5)
  2 scorpions
  5 wights
  4 howler monkeys
  A bullfrog zombie (D:7)
  A centaur zombie (D:7)
  3 crimson imps
  An orc priest (D:5)
  A centaur skeleton (D:5)
  4 hounds
  3 orc wizards
  2 bullfrog skeletons
  2 iguanas
  Ijyb (D:3)
  7 worker ants
  2 worker ant zombies
  4 gnolls (D:6)
  12 adders
  3 shadow imps
  An ooze (D:3)
  An adder skeleton (D:6)
  2 adder zombies (D:7)
  A worm (D:3)
  A dart slug (D:2)
  2 leopard geckos
  12 orcs
  5 giant cockroaches
  4 goblins
  7 hobgoblins
  9 jackals
  11 kobolds
  3 quokkas
  2 ball pythons
  6 bats
  2 frilled lizards
  A leopard gecko skeleton (D:6)
  A quokka skeleton (D:6)
  5 rats
150 creatures vanquished.

Vanquished Creatures (collateral kills)
  A wight (D:6)
  2 orcs (D:8)
3 creatures vanquished.

Vanquished Creatures (others)
  A worker ant (D:8)
  A withered plant (D:3)
2 creatures vanquished.

Grand Total: 155 creatures vanquished

Notes
Turn   | Place    | Note
-------+----------+-------------------------------------------
     0 | D:1      | Gunterle the Octopode Assassin began the quest for the Orb.
     0 | D:1      | Reached XP level 1. HP: 14/14 MP: 1/1
   252 | D:1      | Reached XP level 2. HP: 19/19 MP: 2/2
   708 | D:2      | Found an ancient bone altar of Kikubaaqudgha.
   804 | D:2      | Became a worshipper of Kikubaaqudgha
   890 | D:2      | Found a stormy altar of Qazlal.
   931 | D:2      | Reached XP level 3. HP: 17/24 MP: 3/3
  1446 | D:2      | Found a blossoming altar of Fedhas.
  1446 | D:2      | Found a glowing golden altar of the Shining One.
  1654 | D:2      | Reached XP level 4. HP: 24/30 MP: 4/4
  1665 | D:2      | Found a snail-covered altar of Cheibriados.
  1819 | D:2      | Reached skill level 1 in Necromancy
  1921 | D:3      | Found an ornate altar of the Wu Jian Council.
  2012 | D:3      | Found a hazy altar of Hepliaklqana.
  2022 | D:3      | Reached * piety under Kikubaaqudgha
  2022 | D:3      | Identified Kikubaaqudgha's Reference Book on Evil
                  | (Kikubaaqudgha gifted it to you on level 3 of the Dungeon)
  2022 | D:3      | Received a gift from Kikubaaqudgha
  2027 | D:3      | Learned a level 2 spell: Corpse Rot
  2029 | D:3      | Learned a level 1 spell: Pain
  2137 | D:3      | Noticed Ijyb
  2164 | D:3      | Killed Ijyb
  2164 | D:3      | Reached skill level 1 in Evocations
  2237 | D:3      | Reached skill level 1 in Spellcasting
  2237 | D:3      | Reached XP level 5. HP: 29/35 MP: 6/6
  2740 | D:3      | Found a white marble altar of Elyvilon.
  2781 | D:3      | Found a runed gate.
  2781 | D:3      | Found a runed gate.
  2783 | D:3      | Found a runed gate.
  2784 | D:3      | Noticed matti1234's ghost (amateur OpWr)
  2785 | D:3      | Noticed Skull's ghost (amateur GrGl)
  2785 | D:3      | Noticed Zingi's ghost (amateur GnWn)
  3075 | D:4      | Learned a level 3 spell: Regeneration
  3095 | D:4      | Reached skill level 6 in Stealth
  3104 | D:4      | Found a staircase to the Ecumenical Temple.
  3113 | Temple   | Entered the Ecumenical Temple
  3450 | D:4      | Reached XP level 6. HP: 41/41 MP: 7/7
  4304 | D:5      | Entered Level 5 of the Dungeon
  4352 | D:5      | Noticed Prince Ribbit
  4354 | D:5      | Reached XP level 7. HP: 39/46 MP: 9/9
  4359 | D:5      | Killed Prince Ribbit
  4713 | D:5      | Reached XP level 8. HP: 52/52 MP: 11/11
  4875 | D:4      | Reached skill level 7 in Stealth
  5079 | D:5      | Noticed Grinder
  5274 | D:4      | Killed Grinder
  5274 | D:4      | Reached skill level 5 in Short Blades
  5286 | D:5      | Reached ** piety under Kikubaaqudgha
  5612 | D:5      | Noticed Edmund
  5748 | D:5      | Killed Edmund
  5814 | D:5      | Found a glowing silver altar of Zin.
  6071 | D:6      | Reached XP level 9. HP: 55/58 MP: 13/13
  6306 | D:6      | Reached skill level 5 in Necromancy
  6831 | D:6      | Found a deep blue altar of Sif Muna.
  7260 | D:7      | Found an iron altar of Okawaru.
  7268 | D:7      | Reached *** piety under Kikubaaqudgha
  7268 | D:7      | Identified Kikubaaqudgha's Incunabulum of Necromancy
                  | (Kikubaaqudgha gifted it to you on level 7 of the Dungeon)
  7268 | D:7      | Received a gift from Kikubaaqudgha
  7278 | D:7      | Learned a level 5 spell: Dispel Undead
  7294 | D:7      | Reached skill level 8 in Stealth
  7461 | D:7      | Noticed a troll
  7466 | D:7      | Killed a troll
  8515 | D:8      | Noticed an eight-headed hydra
  8517 | D:8      | Reached XP level 10. HP: 63/65 MP: 15/15
  8588 | D:8      | HP: 2/97 [eight-headed hydra (7)]
  8590 | D:8      | Slain by an eight-headed hydra

Skill      XL: |  1  2  3  4  5  6  7  8  9 |
---------------+----------------------------+-----
Necromancy     | 1 2 3 4 6 |  6.1
Short Blades   | 3 4 5 6 |  6.8
Evocations     | 1 2 3 4 |  4.7
Spellcasting   | 1 2 3 |  3.8
Stealth        | 6 7 8 |  8.5
Dodging        | 2 3 4 |  4.6
Fighting       | 3 4 |  4.9
Throwing       | |  2.0

Action                   |  1- 3 |  4- 6 |  7- 9 | 10-12 || total
-------------------------+-------+-------+-------+-------++-------
Melee: Dagger            |    64 |    85 |   364 |     5 ||   518
       Constrict         |    15 |    15 |    51 |     1 ||    82
       Tentacles         |     8 |    12 |    60 |       ||    80
Throw: Stone             |     6 |    32 |    18 |       ||    56
 Cast: Pain              |       |       |     3 |       ||     3
       Regeneration      |       |       |     2 |       ||     2
Evoke: Wand              |       |       |    15 |    10 ||    25
  Use: Scroll            |       |     5 |     7 |       ||    12
       Potion            |       |       |     5 |     4 ||     9
 Stab: Sleeping          |     7 |    13 |    19 |       ||    39
       Paralysed         |       |       |     1 |       ||     1
  Eat: Chunk             |     2 |     8 |    13 |       ||    23
Armor: Skin              |     3 |     7 |    35 |    74 ||   119
Dodge: Dodged            |    30 |    48 |   157 |    20 ||   255
